 Dungeon Crawl Stone Soup version 0.31-a0-232-gb1c03b2570 (webtiles) character file.

Game seed: 8716036569967092013

64 ragingrage the Conjurer (level 4, -5/29 HPs)
             Began as an Octopode Reaver on July 7, 2023.
             Slain by a gnoll
             ... wielding a +0 flail
              (12 damage)
             ... on level 3 of the Dungeon.
             The game lasted 00:01:52 (1516 turns).

ragingrage the Conjurer (Octopode Reaver)           Turns: 1516, Time: 00:01:53

Health: -5/29      AC:  1    Str: 11    XL:     4   Next: 12%
Magic:  2/8        EV: 13    Int: 15    God:
Gold:   109        SH:  0    Dex: 12    Spells: 1/8 levels left

rFire   . . .        a - +0 falchion
rCold   . . .        (no shield)
rNeg    . . .        (helmet restricted)
rPois   .            (no amulet)
rElec   .            (no ring)
rCorr   .            (no ring)
SInv    .            (no ring)
Will    .....        (no ring)
Stlth   +++          (no ring)
HPRegen 0.24/turn    (no ring)
MPRegen 0.11/turn    (no ring)
                     (no ring)

%: no passive effects
@: very slightly contaminated
A: almost no armour, amphibious, 8 rings, camouflage 1, gelatinous body 1,
(nimble swimmer 1), tentacles
a: no special abilities


You were on level 3 of the Dungeon.
You visited 1 branch of the dungeon, and saw 3 of its levels.

You collected 109 gold pieces.

Inventory:

Hand Weapons
 a - a +0 falchion (weapon)
 j - a +1 short sword of holy wrath
Missiles
 b - 10 poisoned darts
Scrolls
 e - a scroll of brand weapon {unknown}
 f - a scroll of amnesia {unknown}
 i - 2 scrolls of identify {unknown}
 k - a scroll of fear {unknown}
Potions
 d - a potion of berserk rage {unknown}
 g - a potion of might {unknown}
 h - a potion of enlightenment {unknown}
 l - a potion of heal wounds {unknown}


   Skills:
 - Level 2.1 Fighting
 - Level 3.1 Long Blades
 - Level 2.1 Dodging
 + Level 2.0 Stealth
 - Level 2.8 Spellcasting
 - Level 3.2 Conjurations
 - Level 1.0 Necromancy
 + Level 0.9 Ice Magic


You had one spell level left.
You knew the following spells:

 Your Spells              Type           Power      Damage    Failure   Level
a - Kiss of Death         Conj/Necr      32%        2d7       9%          1
b - Frozen Ramparts       Ice            8%         1d2       38%         3
c - Hailstorm             Conj/Ice       8%         3d4       26%         3

Your spell library contained the following spells:

 Spells                   Type           Power      Damage    Failure   Level
 Freeze                   Ice            16%        1d4       14%         1
 Momentum Strike          Conj/Tloc      12%        3d8       16%         2
 Call Canine Familiar     Summ           2%         N/A       52%         3
 Portal Projectile        Hex/Tloc       4%         N/A       52%         3
 Tukima's Dance           Hex            2%         N/A       52%         3
 Leda's Liquefaction      Hex/Erth       1%         N/A       90%         4
 Blade Hands              Tmut           1%         N/A       99%         5


Dungeon Overview and Level Annotations

Branches:
Dungeon (3/15)

Altars:


Innate Abilities, Weirdness & Mutations

You cannot wear most types of armour.
You are amphibious.
You can wear up to eight rings at the same time.
Your skin changes colour to match your surroundings (Stealth+).
Your rubbery body absorbs attacks. (AC +1, EV +1)
((You are camouflaged when in or above water. (Stealth+)))
You have tentacles for arms and can constrict up to eight enemies at once.


Message History

Casting: Frozen Ramparts (astonishingly dangerous; 52% risk of failure)
Press: ? - help, Dir - look around, f - activate You miscast Frozen Ramparts.
You are very lightly contaminated with residual magic.
Nothing appears to happen.
The gnoll barely misses you.
Casting: Frozen Ramparts (astonishingly dangerous; 52% risk of failure)
Casting: Frozen Ramparts (astonishingly dangerous; 52% risk of failure)
Press: ? - help, Dir - look around, f - activate The walls around you are covered in ice.
The wall freezes the gnoll.
The gnoll barely misses you.
You hit the gnoll but do no damage. You grab the gnoll. You squeeze the gnoll.
You constrict the gnoll, but do no damage.
The wall freezes the gnoll but does no damage.
The gnoll hits you with a +0 flail.
* * * LOW HITPOINT WARNING * * *
The wall freezes the gnoll. x2; The gnoll misses you.
You hit the gnoll. You squeeze the gnoll.
You kill the gnoll!
The wall freezes the gnoll but does no damage.
You hit the gnoll. You grab the gnoll. You squeeze the gnoll.
You constrict the gnoll, but do no damage.
The wall freezes the gnoll.
The gnoll misses you.
The wall freezes the gnoll.
You hit the gnoll but do no damage. You squeeze the gnoll.
You kill the gnoll!
The wall freezes the gnoll but does no damage. x2
The gnoll hits you with a +0 flail.
* * * LOW HITPOINT WARNING * * *
Your Stealth skill increases to level 2!
You have reached level 4!
It was a potion of curing.
You feel better.
The wall freezes the gnoll but does no damage. x2
The gnoll barely misses you.
Unknown command.
You hit the gnoll. You grab the gnoll. You squeeze the gnoll.
The frozen ramparts melt away.
You constrict the gnoll. The gnoll hits you with a +0 flail.
* * * LOW HITPOINT WARNING * * *
You hit the gnoll but do no damage. You squeeze the gnoll.
You constrict the gnoll. The gnoll hits you with a +0 flail!
You die...

#.P♣♣♣♣~~~
#..~.~~~~~
########.~P♣♣♣~~~
.........♣♣♣ ..♣
########.# ~~♣♣
#.# ♣~.♣ #.###
♣~~♣ #...##♣♣!.♣
###...@gg##
########


You could see 2 gnolls.

Vanquished Creatures
  2 gnolls (D:3)
  An adder (D:2)
  3 dart slugs
  4 ball pythons
  2 endoplasms (D:2)
  A giant cockroach (D:1)
  A goblin (D:1)
  2 hobgoblins (D:1)
  A quokka (D:3)
  6 bats
  3 frilled lizards
  5 kobolds
  2 rats
33 creatures vanquished.

Notes
Turn   | Place    | Note
-------+----------+-------------------------------------------
     0 | D:1      | ragingrage the Octopode Reaver began the quest for the Orb.
     0 | D:1      | Reached XP level 1. HP: 14/14 MP: 3/3
    75 | D:1      | Reached XP level 2. HP: 14/19 MP: 5/5
   537 | D:1      | Reached skill level 1 in Necromancy
   763 | D:2      | Found a faded altar of an unknown god.
   814 | D:2      | Reached XP level 3. HP: 16/24 MP: 6/6
  1201 | D:2      | Reached skill level 1 in Stealth
  1308 | D:2      | Learned a level 3 spell: Frozen Ramparts
  1312 | D:2      | Learned a level 3 spell: Hailstorm
  1514 | D:3      | Reached XP level 4. HP: 4/29 MP: 1/8
  1516 | D:3      | Slain by a gnoll

Illustrated notes

Levels and vault maps discovered:
D:1:      dpeg_arrival_pits, layout_loops_ring, roderic_roman_lattice,
          minmay_misc_feat_square
D:2:      layout_loops_cross, chequers_ecumenical_altar_simple
D:3:      layout_loops_ring, mainiacjoe_overflow_alcove_1, serial_bayou,
          serial_bayou_lagoon_a, serial_bayou_pond_b, serial_bayou_shore_a,
          serial_bayou_crossing, serial_bayou_pond_b, serial_shops,
          nicolae_square_shop

Skill      XL: |  1  2  3 |
---------------+----------+-----
Necromancy     | 1 |  1.0
Stealth        | 2 |  2.0
Fighting       | |  2.1
Long Blades    | |  3.1
Dodging        | |  2.1
Spellcasting   | |  2.8
Conjurations   | |  3.2
Ice Magic      | |  0.9

Action                     |  1- 3 |  4- 6 || total
---------------------------+-------+-------++-------
  Melee: Falchion          |    63 |     2 ||    65
         Constrict         |    19 |     1 ||    20
         Tentacles         |    12 |     2 ||    14
   Cast: Frozen Ramparts   |     1 |       ||     1
    Use: Potion            |       |     1 ||     1
   Stab: Sleeping          |    10 |       ||    10
 Armour: Skin              |     6 |       ||     6
  Dodge: Dodged            |    34 |     1 ||    35

Table legend: (Time is in decaauts)
 A = Elapsed time spent in this place.
 B = Non-inter-level travel time spent in this place.
 C = Inter-level travel time spent in this place.
 D = Time resting spent in this place.
 E = Time spent auto-exploring this place.
 F = Levels seen in this place.
 G = Mean time per level.
                   A        B        C        D        E       F      G
               +--------+--------+--------+--------+--------+-----+--------+
         Total |   1524 |   1438 |     86 |     25 |   1158 |   3 |  508.0 |
       Dungeon |   1524 |   1438 |     86 |     25 |   1158 |   3 |  508.0 |
               +--------+--------+--------+--------+--------+-----+--------+

Top non-repeatable levels by time:
     D:1: 766 daAuts
     D:2: 707 daAuts
     D:3: 49 daAuts
